Diablos vs Diables
Created - March 26, 2019 at 19:49
Goals
|
| Diablos |
0 |
2 |
1 |
3 |
| Diables |
1 |
0 |
0 |
1 |
|
Shots
|
| Diablos |
12 |
14 |
4 |
30 |
| Diables |
12 |
14 |
1 |
27 |
|
1st period
1. Diables , Alexander Wennberg 31 (Jan Mursak 11, Pavel Valentenko 11) at 4:38
Penalties :
No Penalty
2nd period
2. Diablos , Jason Akeson 32 (Philip Larsen 26) at 7:21
3. Diablos , Danny Kristo 22 (Viktor Loov 14) at 11:11
Penalties :
Jiri Sekac (Don) for Holding (Minor) at 19:56
3rd period
4. Diablos , Cameron Gaunce 13 (Lars Eller 62, Jordan Szwarz 28) at 19:17 (Empty Net)
Penalties :
Brandon Burlon (Alm) for Slashing (Minor) at 7:52, Philip Larsen (Don) for Interference (Minor) at 15:02
Goalie Stats
Kristers Gudlevskis (Don), 26 saves from 27 shots - (0.963), W, 15-20-5, 60:00 minutes
Eric Comrie (Alm), 27 saves from 29 shots - (0.931), L, 4-11-1, 59:47 minutes
Players Stats for Diablos
Player Name G A P +/- PIM S H SB GA TA FO MP PP MP PK MP
------------------------------------------------------------------------------------
Alex Petrovic 0 0 0 1 0 1 1 1 0 0 0/0 21:36 0:51 2:31
Andrei Mironov 0 0 0 1 0 0 0 0 0 2 0/0 18:16 0:00 1:27
Brian Dumoulin 0 0 0 0 0 0 3 2 0 0 0/0 16:36 1:08 0:00
Bryan Bickell 0 0 0 0 0 1 2 1 1 0 0/0 16:21 0:57 1:05
Cameron Gaunce 1 0 1 1 0 1 3 2 0 0 0/0 25:35 1:08 2:31
Corey Trivino 0 0 0 0 0 0 3 0 0 1 7/16 17:00 0:48 2:06
Danny Kristo 1 0 1 1 0 4 3 2 1 0 0/0 11:40 0:00 0:00
Jason Akeson 1 0 1 0 0 2 4 0 0 0 1/1 20:38 1:02 0:47
Jiri Sekac 0 0 0 1 2 1 1 0 0 0 1/1 11:46 0:02 0:00
Jordan Szwarz 0 1 1 1 0 3 5 0 0 0 0/0 15:46 0:48 0:00
Lars Eller 0 1 1 1 0 2 1 0 0 1 11/22 20:49 1:02 0:47
Marek Zagrapan 0 0 0 1 0 0 1 1 0 0 1/3 12:09 0:00 0:00
Nick Spaling 0 0 0 1 0 4 5 0 1 1 0/0 21:37 1:00 2:06
Peter Holland 0 0 0 0 0 5 1 0 0 0 5/5 10:02 0:09 1:05
Philip Larsen 0 1 1 0 2 0 2 7 0 0 0/0 19:59 0:51 0:00
Sergey Tolchinsky 0 0 0 0 0 1 0 0 1 0 0/0 8:48 0:00 0:00
Tyler Pitlick 0 0 0 0 0 4 0 0 0 1 0/0 9:01 0:09 0:00
Viktor Loov 0 1 1 1 0 1 2 0 0 0 0/0 18:21 0:00 1:27
Players Stats for Diables
Player Name G A P +/- PIM S H SB GA TA FO MP PP MP PK MP
------------------------------------------------------------------------------------
Alexander Wennberg 1 0 1 1 0 4 0 1 0 1 2/7 13:32 1:49 0:00
Andrew O'Brien 0 0 0 -1 0 0 1 0 0 0 0/0 11:33 0:00 1:05
Artturi Lehkonen 0 0 0 0 0 1 0 0 0 1 0/0 10:13 0:00 0:00
Brandon Burlon 0 0 0 -1 2 1 1 2 0 0 0/0 19:37 0:00 0:00
Brandon Prust 0 0 0 -2 0 4 3 1 0 0 1/2 19:27 0:00 0:48
Carl Gunnarsson 0 0 0 1 0 0 3 0 0 1 0/0 18:56 1:36 0:43
Charlie Coyle 0 0 0 -1 0 2 0 0 1 0 10/14 14:49 0:00 1:00
Chris Bigras 0 0 0 -1 0 0 1 0 0 0 0/0 7:33 0:00 0:11
Chris Tierney 0 0 0 0 0 3 0 0 0 0 0/4 10:42 0:00 0:27
Daniel Zaar 0 0 0 0 0 2 0 0 0 0 0/0 10:13 0:00 0:00
Jan Mursak 0 1 1 1 0 0 1 0 0 0 0/0 13:43 1:49 0:11
Jonathan Drouin 0 0 0 -1 0 0 0 0 1 0 0/0 15:37 2:09 0:00
Jordan Caron 0 0 0 -2 0 1 0 1 1 0 0/1 21:25 2:09 1:00
Mark Fraser 0 0 0 0 0 1 1 2 0 1 0/0 23:16 2:22 1:05
Mikko Lehtonen 0 0 0 1 0 1 0 0 0 0 0/0 13:32 1:49 0:00
Nick Bjugstad 0 0 0 -2 0 4 5 1 2 0 9/19 20:57 2:09 0:32
Pavel Valentenko 0 1 1 1 0 0 3 3 0 0 0/0 19:09 1:36 0:43
Shayne Gostisbehere 0 0 0 -3 0 0 0 3 1 0 0/0 19:57 2:22 0:11
Tim Schaller 0 0 0 -1 0 3 3 2 0 0 0/1 13:49 0:00 0:00
3 Stars
1 - Cameron Gaunce (Don)
2 - Danny Kristo (Don)
3 - Kristers Gudlevskis (Don)
Power Play
Diablos - 0 on 1 Attempt(s) - 0.00%
Diables - 0 on 2 Attempt(s) - 0.00%
Penalty Kill
Diablos - 2 on 2 Attempt(s) - 100.00%
- Score 0 goal in Penalty Kill
Diables - 1 on 1 Attempt(s) - 100.00%
- Score 0 goal in Penalty Kill
Team Stat
Diablos - Hits : 37 - Faceoff Wins : 26 - Blocked Shots : 16 - Penalty Minutes : 4
Diables - Hits : 22 - Faceoff Wins : 22 - Blocked Shots : 16 - Penalty Minutes : 2
Official
Referees : Unknown
Linesman : Unknown
Game Notes
Cameron Gaunce has scored in a empty net!
Finance
Level 1 -- Attendance: 1477 (73.85%) -- Ticket Income $59,080
Level 2 -- Attendance: 693 (69.30%) -- Ticket Income $13,860
Total Attendance: 2170 (72.33%)
Total Ticket Income: $72,940
Other Income: $3,647
Total Income: $76,587
Diablos
5 vs 5 Forward
Center Left Wing Right Wing Time % Phy DF OF
1 Lars Eller Nick Spaling Jason Akeson 40 0 1 4
2 Corey Trivino Bryan Bickell Jordan Szwarz 30 0 1 4
3 Marek Zagrapan Jiri Sekac Danny Kristo 20 0 2 3
4 Peter Holland Sergey Tolchinsky Tyler Pitlick 10 1 3 1
5 vs 5 Defense
Defense Defense Time % Phy DF OF
1 Cameron Gaunce Philip Larsen 40 0 3 2
2 Alex Petrovic Brian Dumoulin 30 0 3 2
3 Viktor Loov Andrei Mironov 20 0 3 2
4 Cameron Gaunce Alex Petrovic 10 0 3 2
PowerPlay Forward
Center Left Wing Right Wing Time % Phy DF OF
1 Lars Eller Nick Spaling Jason Akeson 60 0 0 5
2 Corey Trivino Bryan Bickell Jordan Szwarz 40 0 0 5
PowerPlay Defense
Defense Defense Time % Phy DF OF
1 Cameron Gaunce Brian Dumoulin 60 0 1 4
2 Philip Larsen Alex Petrovic 40 0 1 4
Penalty Kill 4 Players Forward
Center Wing Time % Phy DF OF
1 Corey Trivino Nick Spaling 60 0 5 0
2 Lars Eller Jason Akeson 40 0 5 0
Penalty Kill 4 Players Defense
Defense Defense Time % Phy DF OF
1 Cameron Gaunce Alex Petrovic 60 0 5 0
2 Viktor Loov Andrei Mironov 40 0 5 0
Penalty Kill - 3 Players Forward
Forward Time % Phy DF OF
1 Peter Holland 60 0 5 0
2 Lars Eller 40 0 5 0
Penalty Kill - 3 Players Defense
Defense Defense Time % Phy DF OF
1 Cameron Gaunce Alex Petrovic 60 0 5 0
2 Viktor Loov Brian Dumoulin 40 0 5 0
4 vs 4 Forward
Center Wing Time % Phy DF OF
1 Marek Zagrapan Jason Akeson 60 0 2 3
2 Lars Eller Jordan Szwarz 40 0 2 3
4 vs 4 Defense
Defense Defense Time % Phy DF OF
1 Cameron Gaunce Alex Petrovic 60 0 2 3
2 Philip Larsen Alex Petrovic 40 0 2 3
Last Minutes Offensive
Center Left Wing Right Wing Defense Defense
Lars Eller Nick Spaling Jason Akeson Cameron Gaunce Alex Petrovic
Last Minutes Defensive
Center Left Wing Right Wing Defense Defense
Lars Eller Nick Spaling Jordan Szwarz Cameron Gaunce Alex Petrovic
Goaltenders
Starting : Kristers Gudlevskis
Backup : Andrew Hammond
Extra Forwards
Normal : Jordan Szwarz, Marek Zagrapan, Jason Akeson - PP : Jordan Szwarz, Jason Akeson - PK : Nick Spaling
Extra Defensemen
Normal : Brian Dumoulin, Philip Larsen, Alex Petrovic - PP : Brian Dumoulin - PK : Philip Larsen, Alex Petrovic
Penalty Shots
Nick Spaling, Jordan Szwarz, Lars Eller, Jiri Sekac, Bryan Bickell
Scratches
Tyler Lewington (Healthy), Tobias Lindberg (Healthy), Andrey Pedan (Healthy), Nikita Nesterov (Healthy), Charles Hudon (Healthy)
Barclay Goodrow (Healthy), David Musil (Healthy), Darcy Kuemper (Healthy), Joni Ortio (Healthy)
Diables
5 vs 5 Forward
Center Left Wing Right Wing Time % Phy DF OF
1 Nick Bjugstad Brandon Prust Jordan Caron 40 1 2 2
2 Charlie Coyle Jonathan Drouin Tim Schaller 30 1 2 2
3 Alexander Wennberg Jan Mursak Mikko Lehtonen 20 1 2 2
4 Chris Tierney Artturi Lehkonen Daniel Zaar 10 1 2 2
5 vs 5 Defense
Defense Defense Time % Phy DF OF
1 Brandon Burlon Mark Fraser 40 1 2 2
2 Carl Gunnarsson Pavel Valentenko 30 1 2 2
3 Shayne Gostisbehere Andrew O'Brien 20 1 2 2
4 Chris Bigras Shayne Gostisbehere 10 1 2 2
PowerPlay Forward
Center Left Wing Right Wing Time % Phy DF OF
1 Nick Bjugstad Jonathan Drouin Jordan Caron 60 1 2 2
2 Alexander Wennberg Jan Mursak Mikko Lehtonen 40 1 2 2
PowerPlay Defense
Defense Defense Time % Phy DF OF
1 Shayne Gostisbehere Mark Fraser 60 1 2 2
2 Carl Gunnarsson Pavel Valentenko 40 1 2 2
Penalty Kill 4 Players Forward
Center Wing Time % Phy DF OF
1 Charlie Coyle Jordan Caron 60 1 2 2
2 Nick Bjugstad Jan Mursak 40 1 2 2
Penalty Kill 4 Players Defense
Defense Defense Time % Phy DF OF
1 Brandon Burlon Mark Fraser 60 1 2 2
2 Carl Gunnarsson Pavel Valentenko 40 1 2 2
Penalty Kill - 3 Players Forward
Forward Time % Phy DF OF
1 Brandon Prust 60 1 2 2
2 Jordan Caron 40 1 2 2
Penalty Kill - 3 Players Defense
Defense Defense Time % Phy DF OF
1 Brandon Burlon Mark Fraser 60 1 2 2
2 Carl Gunnarsson Pavel Valentenko 40 1 2 2
4 vs 4 Forward
Center Wing Time % Phy DF OF
1 Alexander Wennberg Jordan Caron 60 1 2 2
2 Nick Bjugstad Jan Mursak 40 1 2 2
4 vs 4 Defense
Defense Defense Time % Phy DF OF
1 Brandon Burlon Mark Fraser 60 1 2 2
2 Carl Gunnarsson Pavel Valentenko 40 1 2 2
Last Minutes Offensive
Center Left Wing Right Wing Defense Defense
Nick Bjugstad Brandon Prust Jordan Caron Shayne Gostisbehere Brandon Burlon
Last Minutes Defensive
Center Left Wing Right Wing Defense Defense
Tim Schaller Brandon Prust Jordan Caron Shayne Gostisbehere Brandon Burlon
Goaltenders
Starting : Eric Comrie
Backup : Malcolm Subban
Extra Forwards
Normal : Jonathan Drouin, Alexander Wennberg, Nick Bjugstad - PP : Jonathan Drouin, Alexander Wennberg - PK : Nick Bjugstad
Extra Defensemen
Normal : Brandon Burlon, Andrew O'Brien, Chris Bigras - PP : Brandon Burlon - PK : Andrew O'Brien, Chris Bigras
Penalty Shots
Brandon Prust, Jordan Caron, Mikko Lehtonen, Jan Mursak, Daniel Zaar
Scratches
Louis Leblanc (Healthy), Stephen Harper (Healthy), Emil Djuse (Healthy), Gemel Smith (Healthy), Jamie Oleksiak (Back Injury)
Matt Lindblad (Healthy), Christian Thomas (Healthy), Cole Cassels (Healthy), Jeremy Gregoire (Healthy), Connor Hurley (Healthy)
Gustav Olofsson (Healthy), Andreas Johnsson (Healthy), Brett Ritchie (Healthy), Mitchell Moroz (Healthy), Nikita Zadorov (Healthy)
Michal Repik (Healthy), Marc-André Bourdon (Healthy), Linus Ullmark (Healthy), Garret Sparks (Healthy), Jack Campbell (Healthy)
% Time on Ice - Diablos
Lines # - Real PCT - Wanted PCT - Time Play
Normal Forward
1 - 34% - 40% - 18:25
2 - 28% - 30% - 14:47
3 - 22% - 20% - 11:40
4 - 16% - 10% - 8:48
Normal Defense
1 - 36% - 40% - 19:23
2 - 29% - 30% - 15:29
3 - 29% - 20% - 15:49
4 - 6% - 10% - 2:59
PP Forward
1 - 60% - 60% - 1:11
2 - 40% - 40% - 0:48
PP Defense
1 - 57% - 60% - 1:08
2 - 43% - 40% - 0:51
PK Forward
1 - 80% - 60% - 3:11
2 - 20% - 40% - 0:47
PK Defense
1 - 63% - 60% - 2:31
2 - 37% - 40% - 1:27
PK3 Forward
1 - 0% - 60%
2 - 0% - 40%
PK3 Defense
1 - 0% - 60%
2 - 0% - 40%
44 Forward
1 - 0% - 60%
2 - 0% - 40%
44 Defense
1 - 0% - 60%
2 - 0% - 40%
Last Minute Offensive - 0:00
Last Minute Defensive - 0:23
Total
Forward - 60:00
Defense - 60:00
|
% Time on Ice - Diables
Lines # - Real PCT - Wanted PCT - Time Play
Normal Forward
1 - 33% - 40% - 17:54
2 - 26% - 30% - 13:52
3 - 22% - 20% - 11:40
4 - 19% - 10% - 10:13
Normal Defense
1 - 36% - 40% - 19:24
2 - 31% - 30% - 16:27
3 - 20% - 20% - 10:28
4 - 14% - 10% - 7:20
PP Forward
1 - 54% - 60% - 2:09
2 - 46% - 40% - 1:49
PP Defense
1 - 60% - 60% - 2:22
2 - 40% - 40% - 1:36
PK Forward
1 - 91% - 60% - 1:48
2 - 9% - 40% - 0:11
PK Defense
1 - 64% - 60% - 1:16
2 - 36% - 40% - 0:43
PK3 Forward
1 - 0% - 60%
2 - 0% - 40%
PK3 Defense
1 - 0% - 60%
2 - 0% - 40%
44 Forward
1 - 0% - 60%
2 - 0% - 40%
44 Defense
1 - 0% - 60%
2 - 0% - 40%
Last Minute Offensive - 0:24
Last Minute Defensive - 0:00
Total
Forward - 60:00
Defense - 60:00
|
Play-by-Play
1st period
0:01 of 1st period - Lars Eller wins face-off versus Nick Bjugstad in neutral zone.
0:09 of 1st period - Cameron Gaunce is hit by Nick Bjugstad and loses puck.
0:14 of 1st period - Wrist shot by Nick Bjugstad.
0:14 of 1st period - Stopped by Kristers Gudlevskis with a rebound.
0:16 of 1st period - Snap shot by Brandon Burlon.
0:16 of 1st period - Deflect By Jordan Caron.
0:16 of 1st period - Shot Hit the Post.
0:16 of 1st period - Puck is out of play.
0:17 of 1st period - Charlie Coyle wins face-off versus Corey Trivino in Diablos zone.
1:10 of 1st period - Wrist shot by Jason Akeson.
1:10 of 1st period - Shot Blocked by Jordan Caron.
2:06 of 1st period - Slapshot by Tim Schaller.
2:06 of 1st period - Shot Misses the Net.
2:16 of 1st period - Snap shot by Danny Kristo.
2:16 of 1st period - Stopped by Eric Comrie with a rebound.
2:56 of 1st period - Icing by Jordan Szwarz.
2:57 of 1st period - Corey Trivino wins face-off versus Chris Tierney in Diablos zone.
3:42 of 1st period - Tim Schaller is hit by Philip Larsen and loses puck.
3:49 of 1st period - Snap shot by Danny Kristo.
3:49 of 1st period - Stopped by Eric Comrie with a rebound.
3:51 of 1st period - Slapshot by Marek Zagrapan.
3:51 of 1st period - Shot Misses the Net.
4:03 of 1st period - Tyler Pitlick is hit by Chris Bigras and loses puck.
4:10 of 1st period - Mikko Lehtonen is hit by Alex Petrovic and loses puck.
4:23 of 1st period - Jan Mursak is hit by Nick Spaling and loses puck.
4:32 of 1st period - Wrist shot by Jan Mursak.
4:32 of 1st period - Shot Misses the Net.
4:34 of 1st period - Snap shot by Pavel Valentenko.
4:34 of 1st period - Shot Blocked by Philip Larsen.
4:36 of 1st period - Wrist shot by Alexander Wennberg.
4:36 of 1st period - Shot Blocked by Philip Larsen.
4:38 of 1st period - Snap shot by Jan Mursak.
4:38 of 1st period - Deflect By Alexander Wennberg.
4:38 of 1st period - Goal by Alexander Wennberg - Diablos : 0 - Diables : 1.
4:39 of 1st period - Brandon Prust wins face-off versus Lars Eller in neutral zone.
4:44 of 1st period - Snap shot by Jordan Caron.
4:44 of 1st period - Shot Misses the Net.
5:50 of 1st period - Off-side.
5:51 of 1st period - Peter Holland wins face-off versus Chris Tierney in neutral zone.
5:54 of 1st period - Chris Tierney is hit by Philip Larsen and loses puck.
6:27 of 1st period - Slapshot by Peter Holland.
6:27 of 1st period - Stopped by Eric Comrie with a rebound.
6:29 of 1st period - Snap shot by Sergey Tolchinsky.
6:29 of 1st period - Stopped by Eric Comrie without a rebound.
6:30 of 1st period - Nick Bjugstad wins face-off versus Lars Eller in Diables zone.
6:41 of 1st period - Wrist shot by Brandon Prust.
6:41 of 1st period - Shot Misses the Net.
6:55 of 1st period - Tim Schaller is hit by Viktor Loov and loses puck.
7:02 of 1st period - Wrist shot by Jordan Szwarz.
7:02 of 1st period - Deflect By Corey Trivino.
7:02 of 1st period - Shot Misses the Net.
7:02 of 1st period - Puck is out of play.
7:03 of 1st period - Nick Bjugstad wins face-off versus Corey Trivino in Diables zone.
7:28 of 1st period - Alex Petrovic is hit by Tim Schaller and loses puck.
9:43 of 1st period - Slapshot by Bryan Bickell.
9:43 of 1st period - Stopped by Eric Comrie without a rebound.
9:44 of 1st period - Lars Eller wins face-off versus Nick Bjugstad in Diables zone.
9:45 of 1st period - Wrist shot by Nick Spaling.
9:45 of 1st period - Shot Blocked by Brandon Burlon.
9:51 of 1st period - Wrist shot by Jordan Caron.
9:51 of 1st period - Shot Misses the Net.
9:59 of 1st period - Jordan Caron is hit by Jason Akeson and loses puck.
10:18 of 1st period - Jonathan Drouin is hit by Bryan Bickell and loses puck.
11:17 of 1st period - Snap shot by Charlie Coyle.
11:17 of 1st period - Stopped by Kristers Gudlevskis with a rebound.
11:28 of 1st period - Tim Schaller is hit by Peter Holland and loses puck.
11:33 of 1st period - Wrist shot by Tyler Pitlick.
11:33 of 1st period - Shot Blocked by Shayne Gostisbehere.
11:35 of 1st period - Slapshot by Viktor Loov.
11:35 of 1st period - Stopped by Eric Comrie without a rebound.
11:36 of 1st period - Nick Bjugstad wins face-off versus Lars Eller in Diables zone.
12:18 of 1st period - Wrist shot by Corey Trivino.
12:18 of 1st period - Shot Misses the Net.
12:28 of 1st period - Jan Mursak is hit by Danny Kristo and loses puck.
13:08 of 1st period - Off-side.
13:09 of 1st period - Corey Trivino wins face-off versus Nick Bjugstad in neutral zone.
13:14 of 1st period - Backhand shot by Jordan Szwarz.
13:14 of 1st period - Stopped by Eric Comrie with a rebound.
13:28 of 1st period - Slapshot by Brandon Prust.
13:28 of 1st period - Shot Misses the Net.
13:30 of 1st period - Slapshot by Andrew O'Brien.
13:30 of 1st period - Shot Blocked by Philip Larsen.
13:32 of 1st period - Snap shot by Jordan Caron.
13:32 of 1st period - Shot Misses the Net.
13:34 of 1st period - Snap shot by Brandon Prust.
13:34 of 1st period - Shot Blocked by Philip Larsen.
13:36 of 1st period - Slapshot by Nick Bjugstad.
13:36 of 1st period - Shot Blocked by Philip Larsen.
13:44 of 1st period - Snap shot by Brandon Prust.
13:44 of 1st period - Deflect By Nick Bjugstad.
13:44 of 1st period - Stopped by Kristers Gudlevskis without a rebound.
13:45 of 1st period - Charlie Coyle wins face-off versus Lars Eller in Diablos zone.
13:46 of 1st period - Snap shot by Tim Schaller.
13:46 of 1st period - Stopped by Kristers Gudlevskis without a rebound.
13:47 of 1st period - Charlie Coyle wins face-off versus Lars Eller in Diablos zone.
13:58 of 1st period - Slapshot by Jonathan Drouin.
13:58 of 1st period - Shot Misses the Net.
14:43 of 1st period - Backhand shot by Danny Kristo.
14:43 of 1st period - Stopped by Eric Comrie with a rebound.
14:53 of 1st period - Snap shot by Brandon Prust.
14:53 of 1st period - Shot Hit the Post.
15:13 of 1st period - Wrist shot by Nick Bjugstad.
15:13 of 1st period - Shot Misses the Net.
15:15 of 1st period - Slapshot by Brandon Burlon.
15:15 of 1st period - Deflect By Brandon Prust.
15:15 of 1st period - Stopped by Kristers Gudlevskis with a rebound.
15:17 of 1st period - Wrist shot by Nick Bjugstad.
15:17 of 1st period - Shot Misses the Net.
15:19 of 1st period - Wrist shot by Jordan Caron.
15:19 of 1st period - Shot Misses the Net.
15:21 of 1st period - Slapshot by Brandon Burlon.
15:21 of 1st period - Shot Misses the Net.
15:23 of 1st period - Snap shot by Brandon Prust.
15:23 of 1st period - Stopped by Kristers Gudlevskis with a rebound.
15:25 of 1st period - Wrist shot by Nick Bjugstad.
15:25 of 1st period - Shot Blocked by Marek Zagrapan.
15:27 of 1st period - Snap shot by Nick Bjugstad.
15:27 of 1st period - Shot Blocked by Brian Dumoulin.
15:29 of 1st period - Slapshot by Brandon Prust.
15:29 of 1st period - Stopped by Kristers Gudlevskis with a rebound.
15:31 of 1st period - Slapshot by Brandon Burlon.
15:31 of 1st period - Stopped by Kristers Gudlevskis without a rebound.
15:32 of 1st period - Charlie Coyle wins face-off versus Lars Eller in Diablos zone.
15:33 of 1st period - Slapshot by Tim Schaller.
15:33 of 1st period - Stopped by Kristers Gudlevskis with a rebound.
16:02 of 1st period - Snap shot by Alexander Wennberg.
16:02 of 1st period - Deflect By Mikko Lehtonen.
16:02 of 1st period - Shot Misses the Net.
16:02 of 1st period - Puck is out of play.
16:03 of 1st period - Lars Eller wins face-off versus Alexander Wennberg in Diablos zone.
16:03 of 1st period - Lars Eller is hit by Jan Mursak.
16:11 of 1st period - Mikko Lehtonen is hit by Nick Spaling and loses puck.
16:28 of 1st period - Corey Trivino is hit by Pavel Valentenko and loses puck.
16:57 of 1st period - Snap shot by Tyler Pitlick.
16:57 of 1st period - Stopped by Eric Comrie with a rebound.
17:42 of 1st period - Icing by Brandon Prust.
17:43 of 1st period - Peter Holland wins face-off versus Brandon Prust in Diables zone.
17:44 of 1st period - Slapshot by Tyler Pitlick.
17:44 of 1st period - Stopped by Eric Comrie without a rebound.
17:45 of 1st period - Nick Bjugstad wins face-off versus Marek Zagrapan in Diables zone.
17:52 of 1st period - Slapshot by Danny Kristo.
17:52 of 1st period - Shot Misses the Net.
17:54 of 1st period - Slapshot by Alex Petrovic.
17:54 of 1st period - Shot Blocked by Mark Fraser.
17:56 of 1st period - Wrist shot by Jiri Sekac.
17:56 of 1st period - Stopped by Eric Comrie without a rebound.
17:57 of 1st period - Lars Eller wins face-off versus Nick Bjugstad in Diables zone.
18:00 of 1st period - Slapshot by Nick Spaling.
18:00 of 1st period - Stopped by Eric Comrie without a rebound.
18:01 of 1st period - Lars Eller wins face-off versus Nick Bjugstad in Diables zone.
18:37 of 1st period - Corey Trivino is hit by Tim Schaller and loses puck.
18:50 of 1st period - Alexander Wennberg is hit by Danny Kristo.
18:58 of 1st period - Snap shot by Alexander Wennberg.
18:58 of 1st period - Stopped by Kristers Gudlevskis without a rebound.
18:59 of 1st period - Lars Eller wins face-off versus Nick Bjugstad in Diablos zone.
19:26 of 1st period - Charlie Coyle is hit by Jordan Szwarz and loses puck.
19:49 of 1st period - Snap shot by Alexander Wennberg.
19:49 of 1st period - Stopped by Kristers Gudlevskis with a rebound.
Goals for this period are 0 for Diablos vs 1 for Diables.
Shots for this period are 12 for Diablos vs 12 for Diables.
2nd period
0:01 of 2nd period - Lars Eller wins face-off versus Nick Bjugstad in neutral zone.
0:27 of 2nd period - Cameron Gaunce is hit by Tim Schaller and loses puck.
2:13 of 2nd period - Wrist shot by Alexander Wennberg.
2:13 of 2nd period - Stopped by Kristers Gudlevskis without a rebound.
2:14 of 2nd period - Corey Trivino wins face-off versus Alexander Wennberg in Diablos zone.
2:29 of 2nd period - Pavel Valentenko is hit by Corey Trivino and loses puck.
2:38 of 2nd period - Jan Mursak is hit by Cameron Gaunce and loses puck.
2:47 of 2nd period - Snap shot by Jordan Szwarz.
2:47 of 2nd period - Deflect By Bryan Bickell.
2:47 of 2nd period - Shot Misses the Net.
2:47 of 2nd period - Puck is out of play.
2:48 of 2nd period - Lars Eller wins face-off versus Nick Bjugstad in Diables zone.
2:51 of 2nd period - Snap shot by Jason Akeson.
2:51 of 2nd period - Deflect By Lars Eller.
2:51 of 2nd period - Stopped by Eric Comrie with a rebound.
2:53 of 2nd period - Wrist shot by Lars Eller.
2:53 of 2nd period - Shot Blocked by Brandon Prust.
2:55 of 2nd period - Snap shot by Lars Eller.
2:55 of 2nd period - Stopped by Eric Comrie with a rebound.
2:57 of 2nd period - Snap shot by Nick Spaling.
2:57 of 2nd period - Stopped by Eric Comrie without a rebound.
2:58 of 2nd period - Lars Eller wins face-off versus Nick Bjugstad in Diables zone.
3:21 of 2nd period - Wrist shot by Lars Eller.
3:21 of 2nd period - Shot Misses the Net.
3:33 of 2nd period - Wrist shot by Nick Bjugstad.
3:33 of 2nd period - Shot Blocked by Brian Dumoulin.
3:45 of 2nd period - Brandon Prust is hit by Jason Akeson and loses puck.
4:21 of 2nd period - Jason Akeson is hit by Nick Bjugstad and loses puck.
4:38 of 2nd period - Nick Bjugstad is hit by Jason Akeson and loses puck.
4:53 of 2nd period - Wrist shot by Nick Bjugstad.
4:53 of 2nd period - Stopped by Kristers Gudlevskis with a rebound.
5:01 of 2nd period - Snap shot by Jason Akeson.
5:01 of 2nd period - Shot Blocked by Shayne Gostisbehere.
5:03 of 2nd period - Snap shot by Nick Spaling.
5:03 of 2nd period - Shot Misses the Net.
5:05 of 2nd period - Snap shot by Lars Eller.
5:05 of 2nd period - Shot Misses the Net.
5:21 of 2nd period - Wrist shot by Lars Eller.
5:21 of 2nd period - Shot Misses the Net.
5:31 of 2nd period - Nick Spaling is hit by Brandon Prust and loses puck.
6:40 of 2nd period - Snap shot by Lars Eller.
6:40 of 2nd period - Shot Blocked by Nick Bjugstad.
6:42 of 2nd period - Wrist shot by Nick Spaling.
6:42 of 2nd period - Shot Misses the Net.
7:00 of 2nd period - Snap shot by Nick Bjugstad.
7:00 of 2nd period - Shot Blocked by Cameron Gaunce.
7:14 of 2nd period - Chris Bigras is hit by Nick Spaling and loses puck.
7:21 of 2nd period - Snap shot by Jason Akeson.
7:21 of 2nd period - Goal by Jason Akeson - Diablos : 1 - Diables : 1.
7:22 of 2nd period - Corey Trivino wins face-off versus Charlie Coyle in neutral zone.
7:31 of 2nd period - Charlie Coyle is hit by Jordan Szwarz and loses puck.
7:39 of 2nd period - Off-side.
7:40 of 2nd period - Jiri Sekac wins face-off versus Alexander Wennberg in neutral zone.
7:53 of 2nd period - Slapshot by Danny Kristo.
7:53 of 2nd period - Shot Misses the Net.
7:55 of 2nd period - Slapshot by Alex Petrovic.
7:55 of 2nd period - Shot Blocked by Pavel Valentenko.
8:24 of 2nd period - Snap shot by Peter Holland.
8:24 of 2nd period - Stopped by Eric Comrie with a rebound.
8:26 of 2nd period - Slapshot by Viktor Loov.
8:26 of 2nd period - Shot Misses the Net.
8:28 of 2nd period - Wrist shot by Tyler Pitlick.
8:28 of 2nd period - Stopped by Eric Comrie with a rebound.
8:30 of 2nd period - Slapshot by Alex Petrovic.
8:30 of 2nd period - Stopped by Eric Comrie with a rebound.
8:32 of 2nd period - Backhand shot by Brian Dumoulin.
8:32 of 2nd period - Shot Blocked by Pavel Valentenko.
9:05 of 2nd period - Mark Fraser is hit by Corey Trivino and loses puck.
9:37 of 2nd period - Brian Dumoulin is hit by Pavel Valentenko and loses puck.
10:05 of 2nd period - Icing by Brian Dumoulin.
10:06 of 2nd period - Alexander Wennberg wins face-off versus Corey Trivino in Diablos zone.
10:15 of 2nd period - Wrist shot by Mikko Lehtonen.
10:15 of 2nd period - Stopped by Kristers Gudlevskis with a rebound.
10:21 of 2nd period - Brian Dumoulin is hit by Carl Gunnarsson.
10:27 of 2nd period - Jan Mursak is hit by Cameron Gaunce.
10:52 of 2nd period - Shayne Gostisbehere is hit by Corey Trivino and loses puck.
11:01 of 2nd period - Wrist shot by Brandon Burlon.
11:01 of 2nd period - Shot Blocked by Bryan Bickell.
11:03 of 2nd period - Slapshot by Mark Fraser.
11:03 of 2nd period - Stopped by Kristers Gudlevskis without a rebound.
11:04 of 2nd period - Charlie Coyle wins face-off versus Marek Zagrapan in Diablos zone.
11:11 of 2nd period - Snap shot by Danny Kristo.
11:11 of 2nd period - Goal by Danny Kristo - Diablos : 2 - Diables : 1.
11:12 of 2nd period - Marek Zagrapan wins face-off versus Tim Schaller in neutral zone.
11:19 of 2nd period - Snap shot by Danny Kristo.
11:19 of 2nd period - Shot Blocked by Tim Schaller.
11:27 of 2nd period - Wrist shot by Danny Kristo.
11:27 of 2nd period - Shot Misses the Net.
11:37 of 2nd period - Chris Tierney is hit by Cameron Gaunce and loses puck.
11:44 of 2nd period - Wrist shot by Peter Holland.
11:44 of 2nd period - Stopped by Eric Comrie with a rebound.
11:46 of 2nd period - Slapshot by Tyler Pitlick.
11:46 of 2nd period - Stopped by Eric Comrie without a rebound.
11:47 of 2nd period - Charlie Coyle wins face-off versus Corey Trivino in Diables zone.
12:14 of 2nd period - Jan Mursak is hit by Brian Dumoulin.
12:32 of 2nd period - Snap shot by Daniel Zaar.
12:32 of 2nd period - Deflect By Artturi Lehkonen.
12:32 of 2nd period - Stopped by Kristers Gudlevskis with a rebound.
12:34 of 2nd period - Snap shot by Chris Tierney.
12:34 of 2nd period - Stopped by Kristers Gudlevskis with a rebound.
12:36 of 2nd period - Wrist shot by Chris Tierney.
12:36 of 2nd period - Shot Misses the Net.
12:44 of 2nd period - Chris Tierney is hit by Brian Dumoulin and loses puck.
13:46 of 2nd period - Viktor Loov is hit by Andrew O'Brien and loses puck.
13:51 of 2nd period - Snap shot by Tim Schaller.
13:51 of 2nd period - Stopped by Kristers Gudlevskis with a rebound.
14:05 of 2nd period - Wrist shot by Daniel Zaar.
14:05 of 2nd period - Stopped by Kristers Gudlevskis without a rebound.
14:06 of 2nd period - Peter Holland wins face-off versus Nick Bjugstad in Diablos zone.
14:06 of 2nd period - Peter Holland is hit by Nick Bjugstad.
14:17 of 2nd period - Snap shot by Brandon Prust.
14:17 of 2nd period - Shot Misses the Net.
14:19 of 2nd period - Snap shot by Brandon Prust.
14:19 of 2nd period - Shot Blocked by Philip Larsen.
14:41 of 2nd period - Off-side.
14:42 of 2nd period - Nick Bjugstad wins face-off versus Lars Eller in neutral zone.
14:54 of 2nd period - Snap shot by Nick Bjugstad.
14:54 of 2nd period - Deflect By Brandon Prust.
14:54 of 2nd period - Stopped by Kristers Gudlevskis with a rebound.
14:56 of 2nd period - Snap shot by Jordan Caron.
14:56 of 2nd period - Shot Blocked by Alex Petrovic.
14:58 of 2nd period - Slapshot by Brandon Prust.
14:58 of 2nd period - Deflect By Nick Bjugstad.
14:58 of 2nd period - Stopped by Kristers Gudlevskis with a rebound.
15:49 of 2nd period - Slapshot by Nick Spaling.
15:49 of 2nd period - Stopped by Eric Comrie without a rebound.
15:50 of 2nd period - Corey Trivino wins face-off versus Charlie Coyle in Diables zone.
15:51 of 2nd period - Wrist shot by Jordan Szwarz.
15:51 of 2nd period - Stopped by Eric Comrie with a rebound.
15:53 of 2nd period - Slapshot by Jordan Szwarz.
15:53 of 2nd period - Shot Blocked by Mark Fraser.
15:55 of 2nd period - Snap shot by Corey Trivino.
15:55 of 2nd period - Shot Blocked by Tim Schaller.
15:59 of 2nd period - Snap shot by Jordan Szwarz.
15:59 of 2nd period - Stopped by Eric Comrie without a rebound.
16:00 of 2nd period - Charlie Coyle wins face-off versus Corey Trivino in Diables zone.
16:00 of 2nd period - Charlie Coyle is hit by Jordan Szwarz.
16:06 of 2nd period - Wrist shot by Charlie Coyle.
16:06 of 2nd period - Stopped by Kristers Gudlevskis without a rebound.
16:07 of 2nd period - Corey Trivino wins face-off versus Charlie Coyle in Diablos zone.
16:32 of 2nd period - Mikko Lehtonen is hit by Danny Kristo and loses puck.
16:59 of 2nd period - Slapshot by Jason Akeson.
16:59 of 2nd period - Stopped by Eric Comrie with a rebound.
17:01 of 2nd period - Slapshot by Viktor Loov.
17:01 of 2nd period - Deflect By Nick Spaling.
17:01 of 2nd period - Shot Misses the Net.
17:01 of 2nd period - Puck is out of play.
17:02 of 2nd period - Charlie Coyle wins face-off versus Corey Trivino in Diables zone.
17:50 of 2nd period - Slapshot by Daniel Zaar.
17:50 of 2nd period - Shot Blocked by Danny Kristo.
17:52 of 2nd period - Snap shot by Pavel Valentenko.
17:52 of 2nd period - Shot Blocked by Danny Kristo.
17:54 of 2nd period - Wrist shot by Chris Tierney.
17:54 of 2nd period - Stopped by Kristers Gudlevskis without a rebound.
17:55 of 2nd period - Lars Eller wins face-off versus Chris Tierney in Diablos zone.
17:55 of 2nd period - Lars Eller is hit by Brandon Burlon.
19:13 of 2nd period - Snap shot by Daniel Zaar.
19:13 of 2nd period - Stopped by Kristers Gudlevskis without a rebound.
19:14 of 2nd period - Charlie Coyle wins face-off versus Lars Eller in Diablos zone.
19:56 of 2nd period - Minor Penalty to Jiri Sekac for Holding.
19:57 of 2nd period - Nick Bjugstad wins face-off versus Corey Trivino in Diablos zone.
19:58 of 2nd period - Slapshot by Jordan Caron.
19:58 of 2nd period - Stopped by Kristers Gudlevskis without a rebound.
19:59 of 2nd period - Nick Bjugstad wins face-off versus Corey Trivino in Diablos zone.
Goals for this period are 2 for Diablos vs 0 for Diables.
Shots for this period are 14 for Diablos vs 14 for Diables.
3rd period
0:01 of 3rd period - Nick Bjugstad wins face-off versus Corey Trivino in neutral zone.
0:14 of 3rd period - Snap shot by Shayne Gostisbehere.
0:14 of 3rd period - Shot Misses the Net.
1:56 of 3rd period - Penalty to Jiri Sekac is over, Jiri Sekac is back on ice.
2:35 of 3rd period - Mark Fraser is hit by Viktor Loov and loses puck.
3:15 of 3rd period - Slapshot by Daniel Zaar.
3:15 of 3rd period - Deflect By Danny Kristo.
3:15 of 3rd period - Shot Misses the Net.
3:15 of 3rd period - Puck is out of play.
3:16 of 3rd period - Peter Holland wins face-off versus Alexander Wennberg in Diablos zone.
3:23 of 3rd period - Wrist shot by Peter Holland.
3:23 of 3rd period - Shot Blocked by Alexander Wennberg.
3:25 of 3rd period - Snap shot by Brian Dumoulin.
3:25 of 3rd period - Shot Misses the Net.
3:27 of 3rd period - Wrist shot by Peter Holland.
3:27 of 3rd period - Stopped by Eric Comrie without a rebound.
3:28 of 3rd period - Nick Bjugstad wins face-off versus Lars Eller in Diables zone.
3:28 of 3rd period - Nick Bjugstad is hit by Jason Akeson.
4:30 of 3rd period - Snap shot by Charlie Coyle.
4:30 of 3rd period - Shot Misses the Net.
4:53 of 3rd period - Slapshot by Daniel Zaar.
4:53 of 3rd period - Shot Misses the Net.
5:20 of 3rd period - Brandon Prust is hit by Bryan Bickell and loses puck.
6:18 of 3rd period - Wrist shot by Peter Holland.
6:18 of 3rd period - Stopped by Eric Comrie with a rebound.
6:32 of 3rd period - Jordan Caron is hit by Jordan Szwarz and loses puck.
6:39 of 3rd period - Bryan Bickell is hit by Carl Gunnarsson and loses puck.
6:58 of 3rd period - Snap shot by Lars Eller.
6:58 of 3rd period - Deflect By Nick Spaling.
6:58 of 3rd period - Stopped by Eric Comrie with a rebound.
7:00 of 3rd period - Snap shot by Jason Akeson.
7:00 of 3rd period - Shot Misses the Net.
7:33 of 3rd period - Wrist shot by Daniel Zaar.
7:33 of 3rd period - Shot Blocked by Cameron Gaunce.
7:35 of 3rd period - Snap shot by Chris Tierney.
7:35 of 3rd period - Stopped by Kristers Gudlevskis without a rebound.
7:36 of 3rd period - Jason Akeson wins face-off versus Chris Tierney in Diablos zone.
7:52 of 3rd period - Minor Penalty to Brandon Burlon for Slashing.
7:53 of 3rd period - Lars Eller wins face-off versus Charlie Coyle in Diables zone.
8:47 of 3rd period - Nick Spaling is hit by Brandon Prust and loses puck.
9:14 of 3rd period - Pavel Valentenko is hit by Jordan Szwarz.
9:52 of 3rd period - Penalty to Brandon Burlon is over, Brandon Burlon is back on ice.
10:05 of 3rd period - Alexander Wennberg is hit by Jiri Sekac and loses puck.
11:21 of 3rd period - Andrew O'Brien is hit by Brian Dumoulin and loses puck.
11:41 of 3rd period - Andrew O'Brien is hit by Lars Eller and loses puck.
12:00 of 3rd period - Andrei Mironov is hit by Carl Gunnarsson and loses puck.
12:56 of 3rd period - Wrist shot by Alexander Wennberg.
12:56 of 3rd period - Shot Misses the Net.
12:58 of 3rd period - Snap shot by Jan Mursak.
12:58 of 3rd period - Shot Misses the Net.
13:00 of 3rd period - Wrist shot by Alexander Wennberg.
13:00 of 3rd period - Shot Misses the Net.
13:12 of 3rd period - Marek Zagrapan is hit by Nick Bjugstad.
13:16 of 3rd period - Jordan Caron is hit by Marek Zagrapan and loses puck.
13:33 of 3rd period - Shayne Gostisbehere is hit by Nick Spaling and loses puck.
13:40 of 3rd period - Nick Spaling is hit by Pavel Valentenko and loses puck.
13:59 of 3rd period - Brian Dumoulin is hit by Mark Fraser and loses puck.
14:41 of 3rd period - Snap shot by Danny Kristo.
14:41 of 3rd period - Shot Misses the Net.
14:43 of 3rd period - Slapshot by Andrei Mironov.
14:43 of 3rd period - Deflect By Danny Kristo.
14:43 of 3rd period - Shot Blocked by Shayne Gostisbehere.
14:43 of 3rd period - Puck is out of play.
14:44 of 3rd period - Charlie Coyle wins face-off versus Lars Eller in Diables zone.
14:49 of 3rd period - Slapshot by Brandon Burlon.
14:49 of 3rd period - Shot Blocked by Philip Larsen.
15:02 of 3rd period - Minor Penalty to Philip Larsen for Interference.
15:03 of 3rd period - Corey Trivino wins face-off versus Jordan Caron in Diablos zone.
15:13 of 3rd period - Nick Spaling is hit by Nick Bjugstad.
16:16 of 3rd period - Icing by Shayne Gostisbehere.
16:17 of 3rd period - Peter Holland wins face-off versus Alexander Wennberg in Diables zone.
17:02 of 3rd period - Penalty to Philip Larsen is over, Philip Larsen is back on ice.
17:07 of 3rd period - Wrist shot by Jason Akeson.
17:07 of 3rd period - Shot Blocked by Pavel Valentenko.
18:27 of 3rd period - Wrist shot by Nick Bjugstad.
18:27 of 3rd period - Shot Misses the Net.
18:29 of 3rd period - Slapshot by Andrew O'Brien.
18:29 of 3rd period - Shot Misses the Net.
18:31 of 3rd period - Slapshot by Shayne Gostisbehere.
18:31 of 3rd period - Shot Hit the Post.
18:33 of 3rd period - Slapshot by Andrew O'Brien.
18:33 of 3rd period - Shot Misses the Net.
19:04 of 3rd period - Diables, Eric Comrie is pulled from the net.
19:10 of 3rd period - Nick Bjugstad is hit by Nick Spaling and loses puck.
19:15 of 3rd period - Wrist shot by Lars Eller.
19:15 of 3rd period - Shot Blocked by Brandon Burlon.
19:17 of 3rd period - Snap shot by Cameron Gaunce.
19:17 of 3rd period - Goal by Cameron Gaunce - Diablos : 3 - Diables : 1.
19:17 of 3rd period - Eric Comrie from Diables was sent back in the game.
19:18 of 3rd period - Alexander Wennberg wins face-off versus Lars Eller in neutral zone.
19:33 of 3rd period - Jason Akeson is hit by Brandon Prust and loses puck.
Goals for this period are 1 for Diablos vs 0 for Diables.
Shots for this period are 4 for Diablos vs 1 for Diables.
Back to the Top